 Dungeon Crawl Stone Soup version 0.27-a0-67-g4bfc8a49e1 (webtiles) character file.

Game seed: 9802507830569244398

37875 roguesci the Protected (level 13, -15/108 HPs)
             Began as a Demonspawn Berserker on Jan 9, 2021.
             Was an Elder of Trog.
             Demolished by a very large slime creature (43 damage)
             ... on level 14 of the Dungeon.
             The game lasted 00:38:28 (19059 turns).

roguesci the Protected (Demonspawn Berserker)      Turns: 19059, Time: 00:38:28

Health: -15/108    AC: 20    Str: 23    XL:     13   Next: 60%
Magic:  0/13       EV: 16    Int:  8    God:    Trog [****..]
Gold:   727        SH:  0    Dex: 19    Spells: 12/12 levels left

rFire    + . .     SeeInvis .   E - +11 plutonium sword {*Contam Stlth-}
rCold    + . .     Faith    .   (shield currently unavailable)
rNeg     . . .     Spirit   +   n - +0 plate armour
rPois    .         Reflect  .   y - +2 helmet
rElec    .         Harm     .   z - scarf {rC+ rF+}
rCorr    +         Rampage  .   (no gloves)
Will     .....                  c - +0 pair of boots
Stlth    ..........             u - amulet of the acrobat
HPRegen  0.28/turn              k - ring of resist corrosion
MPRegen  0.26/turn              h - +6 ring of dexterity

@: berserk cooldown, slowed, very slow
A: hooves 2, repulsion field 2, magic shield, magic regeneration
a: Renounce Religion, Berserk, Trog's Hand, Brothers in Arms


You were on level 14 of the Dungeon.
You worshipped Trog.
Trog was greatly pleased with you.
You visited 1 branch of the dungeon, and saw 14 of its levels.

You collected 1159 gold pieces.
You spent 432 gold pieces at shops.

Inventory:

Hand Weapons
 E - the +11 plutonium sword (weapon) {*Contam Stlth-}
   (You found it on level 10 of the Dungeon)

   It causes magical contamination when unequipped.
   It makes you less stealthy.
Armour
 b - a +1 hat
 c - a +0 pair of boots (worn)
 i - a +2 buckler
 n - a +0 plate armour (worn)
 y - a +2 helmet (worn)
 z - a scarf of resistance (worn)
Jewellery
 h - a +6 ring of dexterity (right hand)
 k - a ring of resist corrosion (left hand)
 u - an amulet of the acrobat (around neck)
 B - an uncursed ring of fire
 H - an uncursed ring of poison resistance
 K - an uncursed ring of magical power {unknown}
Wands
 l - a wand of iceblast (19)
 s - a wand of flame (38)
 D - a wand of paralysis (14)
 G - a wand of random effects (29)
 L - a wand of acid (9)
 N - a wand of polymorph (22)
Scrolls
 a - 6 scrolls of magic mapping {unknown}
 e - 3 scrolls of fear {unknown}
 f - 2 scrolls of identify
 g - 6 scrolls of remove curse
 m - 5 scrolls of teleportation {unknown}
 o - 6 scrolls of enchant weapon {unknown}
 p - 2 scrolls of fog {unknown}
 q - 3 scrolls of blinking {unknown}
 t - 2 scrolls of enchant armour {unknown}
 v - 6 scrolls of amnesia {unknown}
 F - a scroll of vulnerability {unknown}
 I - 2 scrolls of immolation {unknown}
 J - a scroll of silence {unknown}
 M - a scroll of noise {unknown}
 O - a scroll of random uselessness {unknown}
Potions
 d - 3 potions of haste
 j - 3 potions of mutation
 r - 4 potions of flight
 w - 2 potions of lignification
 x - a potion of attraction
 A - 3 potions of heal wounds
 C - 2 potions of brilliance


   Skills:
 + Level 12.1 Fighting
 * Level 7.9 Long Blades
 * Level 12.2 Armour
 + Level 8.9 Dodging
 - Level 7.1 Unarmed Combat
 + Level 6.1 Evocations


You had 12 spell levels left.
You didn't know any spells.
Your spell library was empty.

Dungeon Overview and Level Annotations

Branches:
Dungeon (14/15)            Temple (0/1) D:7            Lair (0/6) D:11
    Orc (0/2) D:10         Vaults (0/5) D:14

Altars:
Ashenzari
Cheibriados
Elyvilon
Fedhas
Hepliaklqana
Nemelex Xobeh
Okawaru
Ru
Trog
Vehumet
Wu Jian
Xom
The Shining One
Beogh

Shops:
D:8 !   D:9 }   D:14 [


Innate Abilities, Weirdness & Mutations

You have hoof-like feet.
You are surrounded by a moderate repulsion field. (EV +3)
When hurt, damage is shared between your health and your magic reserves.
You regenerate magic rapidly.


Message History

You slash the boulder beetle!
The boulder beetle is severely wounded.
Something hits you but does no damage. x3
The boulder beetle barely misses you.
The boulder beetle bites you but does no damage. x2
Something hits you but does no damage.
You carve the boulder beetle like a ham!!!
You kill the boulder beetle!
Trog accepts your kill. Something hits you but does no damage.
Something hits you. x2
Two slime creatures merge to form a very large slime creature.
You hit the very large slime creature.
The very large slime creature is lightly wounded.
Something hits you but does no damage. Something completely misses you.
The very large slime creature hits you!!!
* * * LOW HITPOINT WARNING * * *
A slime creature comes into view.
Something barely misses you.
The very large slime creature hits you!!!
You die...

#....# ##....)÷##
##.#.u.. #....#
#..#..#..# #.#.###
#....# #...##...# #...#
#### ###### #...##...#
##..# ...# #..#..#..#
#..# (..# . ##......##
##..# §..#### .$.
##....## W.##..###
≈≈.'..#
#$.####'####..$..##....
≈..##.# #..'ZJ@(..)..#
#.... ≈.....#
..$.J########.$.# #....
....### ... .#.# #..##
.)..# # $. ##.## ...##
.Z #..# ...# #' ##.#
..## #.# ..# #.# ..#
#).


You could see a very large slime creature, a slime creature (wandering) and a
centaur warrior zombie.

Vanquished Creatures
  Azrael (D:14)
  An ettin (D:14)
  Josephine (D:11)
  A hydra (D:14)
  A boulder beetle (D:14)
  7 two-headed ogres
  4 centaur warriors
  Sonja (D:11)
  2 unseen horrors
  6 ugly things (D:14)
  3 deep elf magi
  3 manticores
  2 cyclopes
  Maurice (D:9)
  A black mamba (shapeshifter) (D:13)
  Maggie (D:6)
  A guardian serpent (D:13)
  2 centaur skeletons
  A kobold demonologist (D:13)
  A freezing wraith (D:14)
  2 efreet
  2 komodo dragons
  A jumping spider (shapeshifter) (D:14)
  6 trolls
  4 hornets
  Grinder (D:5)
  A harpy skeleton (D:14)
  3 slime creatures
  Sigmund (D:4)
  10 wraiths
  12 yaks
  A wyvern (D:13)
  3 shadows
  2 fire elementals (D:14)
  A warg (shapeshifter) (D:14)
  Edmund (D:6)
  3 vampire mosquitoes (D:11)
  3 water moccasins
  3 hell hounds (D:14)
  An acid dragon (D:11)
  5 orc warriors
  4 sky beasts
  2 eyes of draining (D:13)
  6 ice beasts
  2 black bears
  5 phantoms
  A necrophage (D:10)
  4 ogres
  6 centaurs
  13 bullfrogs
  A big kobold (D:11)
  4 wyvern zombies
  2 scorpions (D:8)
  9 killer bees (D:13)
  17 wights
  A troll skeleton (D:9)
  3 howler monkeys (D:11)
  5 spriggan skeletons (D:9)
  An electric eel (D:12)
  2 bullfrog zombies
  3 centaur zombies
  A lava snake (D:14)
  9 hounds
  2 jellies
  6 orc priests
  A bullfrog skeleton (D:9)
  4 iguanas
  11 worker ants
  4 orc wizards
  A killer bee zombie (D:6)
  Robin (D:3)
  A howler monkey skeleton (D:10)
  16 adders
  3 shadow imps
  4 white imps
  4 ufetubi
  An adder zombie (D:6)
  A worm (D:3)
  A dart slug (D:1)
  3 leopard geckos
  61 orcs
  2 ball pythons
  7 bats
  3 giant cockroaches
  13 goblins
  4 hobgoblins
  13 jackals
  8 kobolds
  3 quokkas
  2 frilled lizards (D:1)
  A quokka skeleton (D:4)
  7 rats
396 creatures vanquished.

Vanquished Creatures (others)
  An orc wizard (D:6)
  A worker ant (D:14)
  2 orcs
  46 fungi
  65 plants (D:11)
115 creatures vanquished.

Grand Total: 511 creatures vanquished

Notes
Turn   | Place    | Note
-------+----------+-------------------------------------------
     0 | D:1      | roguesci the Demonspawn Berserker began the quest for the
                  | Orb.
     0 | D:1      | Reached XP level 1. HP: 18/18 MP: 1/1
   212 | D:1      | Gained mutation: You are surrounded by a mild repulsion
                  | field. (EV +2) [demonic ancestry]
   212 | D:1      | Reached XP level 2. HP: 24/24 MP: 2/2
   623 | D:1      | Found a glowing golden altar of the Shining One.
   836 | D:1      | Reached ** piety under Trog
  1266 | D:2      | Gained mutation: You are surrounded by a moderate repulsion
                  | field. (EV +3) [demonic ancestry]
  1266 | D:2      | Reached XP level 3. HP: 28/29 MP: 3/3
  1305 | D:2      | Found an iron altar of Okawaru.
  2158 | D:3      | Noticed Robin
  2168 | D:3      | Killed Robin
  2169 | D:3      | Reached XP level 4. HP: 24/37 MP: 4/4
  3060 | D:3      | Found a shimmering altar of Xom.
  3061 | D:3      | Found a sparkling altar of Nemelex Xobeh.
  3062 | D:3      | Found a hazy altar of Hepliaklqana.
  3063 | D:3      | Found a white marble altar of Elyvilon.
  3307 | D:3      | Found a broken altar of Ashenzari.
  3688 | D:4      | Noticed an ogre
  3707 | D:4      | Killed an ogre
  3708 | D:4      | Reached XP level 5. HP: 34/42 MP: 5/5
  4024 | D:4      | Found a snail-covered altar of Cheibriados.
  4042 | D:4      | Found an ornate altar of the Wu Jian Council.
  4112 | D:4      | Noticed Sigmund
  4118 | D:4      | Reached *** piety under Trog
  4133 | D:4      | Killed Sigmund
  4134 | D:4      | Gained mutation: You have large cloven feet. [demonic
                  | ancestry]
  4134 | D:4      | Reached XP level 6. HP: 50/50 MP: 6/6
  4348 | D:4      | Reached skill level 5 in Fighting
  4518 | D:4      | Found a bloodstained altar of Trog.
  4619 | D:5      | Entered Level 5 of the Dungeon
  4633 | D:4      | Gained mutation: When hurt, damage is shared between your
                  | health and your magic reserves. [demonic ancestry]
  4633 | D:4      | Reached XP level 7. HP: 55/56 MP: 7/7
  5058 | D:5      | Noticed Grinder
  5084 | D:5      | Paralysed by Grinder for 4 turns
  5092 | D:5      | Killed Grinder
  5093 | D:5      | Reached skill level 5 in Armour
  5371 | D:6      | Noticed Edmund
  5417 | D:6      | Killed Edmund
  5418 | D:6      | Gained mutation: You have hoof-like feet. [demonic
                  | ancestry]
  5418 | D:6      | Reached XP level 8. HP: 38/64 MP: 6/8
  6316 | D:6      | Noticed Maggie
  6378 | D:6      | Killed Maggie
  6379 | D:6      | Reached skill level 5 in Unarmed Combat
  6379 | D:6      | Reached XP level 9. HP: 61/72 MP: 4/9
  6663 | D:7      | Reached **** piety under Trog
  6842 | D:7      | Noticed a manticore
  6867 | D:7      | Killed a manticore
  6868 | D:7      | Reached skill level 5 in Dodging
  7590 | D:7      | Found a staircase to the Ecumenical Temple.
  8290 | D:8      | Found a sacrificial altar of Ru.
  8471 | D:8      | Noticed a two-headed ogre
  8485 | D:8      | Killed a two-headed ogre
  8486 | D:8      | Reached XP level 10. HP: 79/83 MP: 8/10
  8667 | D:8      | Found a radiant altar of Vehumet.
  8667 | D:8      | Found a blossoming altar of Fedhas.
  9029 | D:8      | Found Gixel's Distillery.
  9032 | D:8      | Bought a potion of heal wounds for 60 gold pieces
  9032 | D:8      | Bought a potion of haste for 120 gold pieces
  9032 | D:8      | Bought a potion of haste for 120 gold pieces
  9032 | D:8      | Bought a potion of haste for 120 gold pieces
  9032 | D:8      | Bought a potion of degeneration for 12 gold pieces
  9556 | D:8      | Found a roughly hewn altar of Beogh.
 10258 | D:9      | Noticed Maurice
 10309 | D:9      | Killed Maurice
 10313 | D:9      | Noticed a two-headed ogre
 10324 | D:9      | Killed a two-headed ogre
 10602 | D:9      | Reached skill level 10 in Fighting
 10947 | D:9      | Killed an unseen horror
 11437 | D:9      | Found Zemaeluf's Gadget Emporium.
 11464 | D:9      | Gained mutation: You regenerate magic rapidly. [demonic
                  | ancestry]
 11464 | D:9      | Reached XP level 11. HP: 63/91 MP: 6/11
 11650 | D:10     | Entered Level 10 of the Dungeon
 12235 | D:10     | Noticed a two-headed ogre
 12247 | D:10     | Killed a two-headed ogre
 12388 | D:10     | Found a staircase to the Orcish Mines.
 12389 | D:10     | Found the +11 plutonium sword {*Contam Stlth-}
 12879 | D:11     | Reached skill level 1 in Long Blades
 12908 | D:11     | Noticed a two-headed ogre
 12916 | D:11     | Killed a two-headed ogre
 12917 | D:11     | Reached skill level 1 in Evocations
 12933 | D:11     | Noticed Josephine
 12934 | D:11     | Reached skill level 10 in Armour
 12936 | D:11     | Reached ***** piety under Trog
 12940 | D:11     | Killed Josephine
 13256 | D:11     | Noticed Sonja
 13267 | D:11     | Killed Sonja
 13843 | D:11     | Noticed a two-headed ogre
 13849 | D:11     | Killed a two-headed ogre
 13850 | D:11     | Reached XP level 12. HP: 78/100 MP: 9/12
 14153 | D:11     | Paralysed by a hornet for 3 turns
 14159 | D:11     | Paralysed by a hornet for 2 turns
 14471 | D:11     | Found a staircase to the Lair.
 14622 | D:11     | Found a blossoming altar of Fedhas.
 15415 | D:13     | Noticed a centaur warrior
 15417 | D:13     | Killed a centaur warrior
 15426 | D:13     | Reached skill level 5 in Long Blades
 15587 | D:13     | Noticed a centaur warrior
 15596 | D:13     | Killed a centaur warrior
 15732 | D:13     | Noticed a centaur warrior
 15738 | D:13     | a centaur warrior changed into a guardian serpent
 15746 | D:13     | Received a gift from Trog
 16310 | D:13     | Noticed a two-headed ogre
 16322 | D:13     | Killed a two-headed ogre
 17436 | D:14     | Reached skill level 5 in Evocations
 17451 | D:14     | Reached XP level 13. HP: 78/107 MP: 11/13
 17564 | D:14     | Found Reuxif's Antique Armour Shop.
 17597 | D:14     | Noticed Azrael
 17612 | D:14     | Killed Azrael
 18375 | D:14     | Noticed an ettin
 18378 | D:14     | Killed an ettin
 18652 | D:14     | Found a gate to the Vaults.
 19059 | D:14     | Demolished by a very large slime creature

Illustrated notes

Levels and vault maps discovered:
D:1:      dpeg_arrival_central, layout_loops_ring, tso_metal_star
D:2:      layout_rooms, marbit_many_paths
D:3:      layout_loops_ring, lemuel_coloured_pillars_altar,
          grunt_temple_overflow_open, uniq_robin
D:4:      layout_loops_ring, nzn_wu_jian_contemplation, kennysheep_little_box,
          trog_book, uniq_sigmund
D:5:      layout_rooms, uniq_grinder
D:6:      layout_basic, serial_aquarium, aquarium_bridge_straight
          [aquarium_subvault_bridge, aquarium_subvault_balcony,
          aquarium_subvault_bridge, aquarium_subvault_window],
          aquarium_window_2, aquarium_window_corner, aquarium_window_fake,
          aquarium_window_corridor_1, aquarium_view_2b, uniq_maggie, uniq_edmund
D:7:      cheibrodos_fzero, layout_loops_corners, minmay_temple_entry_nine_rooms
D:8:      layout_basic, kennysheep_mini_moat,
          gammafunk_temple_overflow_elements, special_room [special_room_orc],
          serial_shops, kennysheep_mini
D:9:      layout_cave_pools, serial_shops, nicolae_shop_trees,
          grunt_ministairs_6, hangedman_tell_no_tales, uniq_maurice
D:10:     layout_gridville, orc_0_dummy, kennysheep_potato
D:11:     layout_loops_cross, due_lair_maze_entry_diamond, basic_altar,
          uniq_josephine, uniq_sonja
D:12:     layout_cave_pools, kennysheep_generic_room_4
D:13:     layout_cave_pods, gauntlet_entry_generic, grunt_ministairs_15
D:14:     minmay_polygon_palace, layout_basic, david_vaults_4, serial_shops,
          nicolae_shop_waterfront, uniq_azrael

Skill      XL: |  1  2  3  4  5  6  7  8  9 10 11 12 13 |
---------------+----------------------------------------+-----
Armour         | 2 3 4 5 6 8 9 10 11 12 | 12.2
Dodging        | 2 3 4 5 6 7 8 |  8.9
Unarmed Combat | 3 4 5 6 7 |  7.1
Fighting       | 4 5 6 7 9 10 11 12 | 12.1
Long Blades    | 4 6 7 |  7.9
Evocations     | 3 5 6 |  6.1

Action                   |  1- 3 |  4- 6 |  7- 9 | 10-12 | 13-15 || total
-------------------------+-------+-------+-------+-------+-------++-------
Melee: Unarmed           |   186 |   161 |   593 |   525 |       ||  1465
       Punch             |     1 |     1 |     9 |    17 |       ||    28
       Triple sword      |       |       |       |   286 |   111 ||   397
Invok: Berserk           |     1 |     2 |     6 |     7 |     3 ||    19
       Trog's Hand       |       |     1 |     4 |    15 |     2 ||    22
       Brothers in Arms  |       |       |       |     2 |       ||     2
  Use: Potion            |     1 |       |     8 |     5 |       ||    14
       Scroll            |       |       |     5 |     6 |       ||    11
 Stab: Sleeping          |     3 |       |       |       |       ||     3
Armor: Animal skin       |    47 |     9 |       |       |       ||    56
       Plate armour      |       |    57 |   298 |   476 |   131 ||   962
       Skin              |       |       |       |     1 |       ||     1
Dodge: Dodged            |   150 |    78 |   341 |   843 |   178 ||  1590
       Rpst.: Triple sword |       |       |       |   134 |    25 ||   159

Table legend: (Time is in decaauts)
 A = Elapsed time spent in this place.
 B = Non-inter-level travel time spent in this place.
 C = Inter-level travel time spent in this place.
 D = Time resting spent in this place.
 E = Time spent auto-exploring this place.
 F = Levels seen in this place.
 G = Mean time per level.
                   A        B        C        D        E       F      G
               +--------+--------+--------+--------+--------+-----+--------+
         Total |  19365 |  18892 |    473 |   7024 |   8519 |  14 | 1383.2 |
       Dungeon |  19365 |  18892 |    473 |   7024 |   8519 |  14 | 1383.2 |
               +--------+--------+--------+--------+--------+-----+--------+

Top non-repeatable levels by time:
     D:8: 2006 daAuts
    D:13: 1915 daAuts
    D:14: 1912 daAuts
    D:11: 1710 daAuts
     D:9: 1572 daAuts
     D:7: 1468 daAuts
    D:10: 1442 daAuts
     D:3: 1350 daAuts
     D:1: 1252 daAuts
     D:6: 1080 daAuts
     D:4: 1059 daAuts
     D:2: 971 daAuts
     D:5: 857 daAuts
    D:12: 767 daAuts
